 Dungeon Crawl Stone Soup version 0.30-a0-305-g026cb31310 (webtiles) character file.

Game seed: 14664690261843864532

427 hound the Digger (level 6, 0/34 HPs)
             Began as a Gargoyle Earth Elementalist on Oct 23, 2022.
             Was a Believer of Ashenzari.
             Slain by a lemure (2 damage)
             ... led by Pikel
             ... on level 5 of the Dungeon.
             The game lasted 00:47:33 (3835 turns).

hound the Digger (Gargoyle Earth Elementalist)      Turns: 3835, Time: 00:47:36

Health: 0/34       AC: 11    Str: 12    XL:     6   Next: 97%
Magic:  14/14      EV:  9    Int: 17    God:    Ashenzari [**....]
Gold:   158        SH:  0    Dex: 10    Spells: 15/16 levels left

rFire   . . .      SeeInvis +    k - +4 dagger "Astrological Pessimism" {venom, Melee, Alch} (curse)
rCold   . . .      Faith    .    (no shield)
rNeg    + . .      Spirit   .    h - +2 robe "I Foresaw This" {Will+, Self, Alch} (curse)
rPois   ∞          Reflect  .    m - +2 hat "Gnosis of Ashenzari" {Elem, Cun} (curse)
rElec   +          Harm     .    (no cloak)
rCorr   .          Rampage  .    (no gloves)
Will    +....                    e - +0 pair of boots
Stlth   +.........               (no amulet)
HPRegen 0.25/turn                (no ring)
MPRegen 0.14/turn                (no ring)

@: confused, ambrosia-drunk, grasped by roots, hasted, constricted, very quick
A: sickness immunity, AC +4, negative energy resistance 1, electricity
resistance, torment resistance 1, petrification resistance
a: Renounce Religion, Shatter the Chains


You were on level 5 of the Dungeon.
You worshipped Ashenzari.
Ashenzari was pleased with you.
You visited 1 branch of the dungeon, and saw 5 of its levels.

You collected 212 gold pieces.
You spent 54 gold pieces at shops.

Inventory:

Hand Weapons
 c - a +0 dagger
 j - a +1 dagger of draining
 k - the cursed +4 dagger "Astrological Pessimism" (weapon) {venom, Melee, Alch}
   (You found it on level 2 of the Dungeon)

   It poisons the flesh of those it strikes.
   It has a curse which improves the following skills: Melee Combat: Short
   Blades, Long Blades, Axes, Maces & Flails, Polearms, Staves and Unarmed
   Combat.
   Alchemy:   Poison Magic and Transmutations.
 p - a +4 hand axe of venom
 s - the +10 spear "Leaner" {freeze, rElec Int+4}
   (You found it on level 4 of the Dungeon)

   It freezes those it strikes, dealing additional cold damage.
   It can also slow down cold-blooded creatures.
   Int:       It affects your intelligence (+4).
   rElec:     It insulates you from electricity.
Missiles
 d - 65 stones
 g - 6 poisoned darts
Armour
 e - a +0 pair of boots (worn)
 h - the cursed +2 robe "I Foresaw This" (worn) {Will+, Self, Alch}
   (You found it on level 1 of the Dungeon)

   It has a curse which improves the following skills: Introspection: Fighting
   and Spellcasting.
   Alchemy:   Poison Magic and Transmutations.
 m - the cursed +2 hat "Gnosis of Ashenzari" (worn) {Elem, Cun}
   (You found it on level 3 of the Dungeon)

   It has a curse which improves the following skills: Elements: Fire Magic, Ice
   Magic, Air Magic and Earth Magic.
   Cunning:   Dodging and Stealth.
Jewellery
 a - an amulet of faith
 l - a ring of poison resistance
 u - a ring of resist corrosion
Wands
 i - a wand of flame (27) (quivered)
Potions
 b - a potion of magic
 f - a potion of degeneration
 n - a potion of mutation
 o - a potion of brilliance


   Skills:
 + Level 0.9(1.6) Fighting
 * Level 0.8(1.5) Short Blades
 + Level 2.0(3.0) Dodging
 + Level 2.9(4.0) Stealth
 + Level 4.4(5.6) Spellcasting
 - Level 0.3 Hexes
 + Level 0.7(1.6) Transmutations
 * Level 0.9(1.6) Ice Magic
 * Level 1.0(1.7) Air Magic
 + Level 5.9(7.1) Earth Magic


You had 15 spell levels left.
You knew the following spells:

 Your Spells              Type           Power      Damage    Failure   Level
a - Sandblast             Erth           58%        2d13      1%          1

Your spell library contained the following spells:

 Spells                   Type           Power      Damage    Failure   Level
 Passwall                 Tmut/Erth      15%        N/A       3%          2
 Stone Arrow              Conj/Erth      34%        3d9       9%          3
 Summon Small Mammal      Summ           16%        N/A       14%         1
 Ensorcelled Hibernation  Hex/Ice        16%        N/A       14%         2
 Swiftness                Air            10%        N/A       19%         3
 Petrify                  Tmut/Erth      19%        N/A       22%         4
 Hailstorm                Conj/Ice       7%         3d4       28%         3
 Summon Guardian Golem    Hex/Summ       5%         N/A       36%         3
 Call Canine Familiar     Summ           4%         N/A       38%         3
 Ice Form                 Ice/Tmut       10%        N/A       56%         4
 Simulacrum               Ice/Necr       3%         N/A       100%        6


Dungeon Overview and Level Annotations

Branches:
Dungeon (5/15)
 Temple: D:4-7

Altars:
Ashenzari
Dithmenos
Gozag
Kikubaaqudgha
Makhleb
Qazlal
Ru
Trog
Vehumet
Wu Jian
Xom
Zin

Shops:
D:3 *:*[!

Annotations:
D:2 Natasha
D:5 Pikel


Innate Abilities, Weirdness & Mutations

You are immune to sickness and miasma.
Your stone body is resilient. (AC +4)
You are immune to poison.
You resist negative energy. (rN+)
You are resistant to electric shocks. (rElec)
You are resistant to unholy torment.
You are immune to petrification.


Message History

You feel invigorated.
Are you sure you want to stumble around while confused and next to your butterfly?
Okay, then.
Are you sure you want to stumble around while confused and next to your butterfly? [Y]es or [N]o only, please.
Are you sure you want to stumble around while confused and next to your butterfly? [Y]es or [N]o only, please.
Are you sure you want to stumble around while confused and next to your butterfly?
Pikel zaps a wand.
The roots erupt in riotous growth!
The lemure is unaffected.
The grasping roots grab you! The grasping roots constrict you.
You're too confused to cast spells.
Unknown command.
You escape the roots grasp.
The dart slug barely misses you.
The lemure barely misses your butterfly.
The lemure hits you but does no damage.
Are you sure you want to stumble around while confused and next to your butterfly? [Y]es or [N]o only, please.
Are you sure you want to stumble around while confused and next to your butterfly? [Y]es or [N]o only, please.
Are you sure you want to stumble around while confused and next to your butterfly?
Found a scroll of identify.
You closely miss the gnoll bouda. The lemure closely misses you.
The gnoll bouda hits you with a +0 whip!
Pikel zaps a wand.
The roots erupt in riotous growth!
The lemure is unaffected.
The gnoll bouda is unaffected.
The grasping roots grab you!
The lemure is unaffected.
Pikel is unaffected.
The lemure is unaffected.
The grasping roots constrict you!
* * * LOW HITPOINT WARNING * * *
You're too confused to cast spells.
Unknown command.
You hit the dart slug.
The dart slug is poisoned.
The dart slug is heavily wounded.
The gnoll bouda hits you with a +0 whip.
* * * LOW HITPOINT WARNING * * *
The lemure hits you.
* * * LOW HITPOINT WARNING * * *
The lemure hits you but does no damage. The lemure hits you.
You die...

###########
#....bg.).#
#.#####b..#
######.#####...#
#..>.....K.....#
#.....5@5b..<..#
#.....wg55...#.#
###+#..bbb...#.#
,#<.......#.#
*+#..b.....#.#
..#...b#.# * *
..........#
,?........... *
....,.....b. ,


You could see Pikel, 4 lemures, a gnoll bouda and a dart slug (very poisoned).

Vanquished Creatures
  An ice beast (D:3)
  A necrophage (D:4)
  An orc priest (D:3)
  Jessica (D:2)
  An orc wizard (D:3)
  Natasha (D:2)
  4 gnolls (D:5)
  3 adders
  2 worms (D:2)
  2 dart slugs
  9 orcs
  4 ball pythons
  10 endoplasms
  A giant cockroach (D:1)
  6 goblins
  7 hobgoblins
  6 jackals
  6 kobolds
  3 quokkas
  4 bats
  15 rats
88 creatures vanquished.

Notes
Turn   | Place    | Note
-------+----------+-------------------------------------------
     0 | D:1      | hound the Gargoyle Earth Elementalist began the quest for
                  | the Orb.
     0 | D:1      | Reached XP level 1. HP: 10/10 MP: 3/3
    55 | D:1      | Reached skill level 4 in Earth Magic
    65 | D:1      | Reached XP level 2. HP: 15/15 MP: 0/5
    95 | D:1      | Found a faded altar of an unknown god.
   158 | D:1      | Prayed at the altar of an unknown god.
   158 | D:1      | Became a worshipper of Ashenzari the Shackled
   266 | D:1      | Reached XP level 3. HP: 19/19 MP: 0/7
   595 | D:2      | Noticed Jessica
   602 | D:2      | Killed Jessica
   603 | D:2      | Reached XP level 4. HP: 22/24 MP: 2/8
   976 | D:2      | Noticed Natasha
   980 | D:2      | Killed Natasha
  1097 | D:2      | Reached skill level 5 in Earth Magic
  1415 | D:2      | Noticed Natasha
  1433 | D:3      | Found Kamife's Armour Shop.
  1434 | D:3      | Noticed an ice beast
  1459 | D:3      | Killed an ice beast
  1460 | D:3      | Reached XP level 5. HP: 18/28 MP: 2/11
  1474 | D:3      | Bought a +0 pair of boots for 54 gold pieces
  1483 | D:3      | Found Ciutusy's Assorted Antiques.
  1636 | D:3      | Found a shimmering altar of Xom.
  1641 | D:3      | Found an ornate altar of the Wu Jian Council.
  1642 | D:3      | Found a radiant altar of Vehumet.
  1647 | D:3      | Found a sacrificial altar of Ru.
  1652 | D:3      | Found a bloodstained altar of Trog.
  1655 | D:3      | Found an ancient bone altar of Kikubaaqudgha.
  1656 | D:3      | Found a shadowy altar of Dithmenos.
  1657 | D:3      | Found a stormy altar of Qazlal.
  1660 | D:3      | Found an opulent altar of Gozag.
  1663 | D:3      | Found a burning altar of Makhleb.
  1664 | D:3      | Found a glowing silver altar of Zin.
  1765 | D:3      | Reached XP level 6. HP: 31/33 MP: 7/12
  1782 | D:3      | Reached * piety under Ashenzari
  1794 | D:3      | Found Veraen Wiavi's General Store.
  2008 | D:3      | Found Fepran's Book Boutique.
  2127 | D:3      | Found Elegys's Distillery.
  2243 | D:3      | Reached ** piety under Ashenzari
  2464 | D:4      | Identified the +10 spear "Leaner" {freeze, rElec Int+4}
  2709 | D:5      | Entered Level 5 of the Dungeon
  3818 | D:5      | Reached skill level 1 in Air Magic
  3826 | D:5      | Noticed Pikel
  3835 | D:5      | Slain by a lemure

Illustrated notes

Levels and vault maps discovered:
D:1:      dpeg_arrival_solitude, layout_basic,
          hellmonk_ecumenical_altar_lost_god, corexii_corridor_pit,
          skrybe_limestone_x, minmay_rat_gold_closets
D:2:      layout_loops_corners, nrook_mini_backslash, uniq_natasha, uniq_jessica
D:3:      layout_basic, nicolae_overflow_hallway_of_the_gods, serial_shops,
          shop, shop, nicolae_shop_stone, nicolae_shop_statue_plus,
          nicolae_shop_window_shopping, corexii_shack
D:4:      dreamdust_elfheim, layout_basic, lightli_ossuary_entry_decrepit_ruins
D:5:      layout_basic, uniq_blork_the_orc, uniq_pikel

Skill      XL: |  1  2  3  4  5  6 |
---------------+-------------------+-----
Earth Magic    | 4 5 |  5.9
Spellcasting   | 4 |  4.4
Dodging        | 2 |  2.0
Air Magic      | 1 |  1.0
Fighting       | |  0.9
Short Blades   | |  0.8
Stealth        | |  2.9
Hexes          | |  0.3
Transmutations | |  0.7
Ice Magic      | |  0.9

Action                   |  1- 3 |  4- 6 || total
-------------------------+-------+-------++-------
Melee: Dagger            |    11 |    24 ||    35
 Cast: Sandblast         |    39 |    95 ||   134
Invok: Curse Item        |     1 |     3 ||     4
       Shatter the Chain |     1 |       ||     1
  Use: Scroll            |     1 |     5 ||     6
       Potion            |     1 |     7 ||     8
Armor: Robe              |    13 |    39 ||    52
       Skin              |     1 |       ||     1
Dodge: Dodged            |    23 |    64 ||    87

Table legend: (Time is in decaauts)
 A = Elapsed time spent in this place.
 B = Non-inter-level travel time spent in this place.
 C = Inter-level travel time spent in this place.
 D = Time resting spent in this place.
 E = Time spent auto-exploring this place.
 F = Levels seen in this place.
 G = Mean time per level.
                   A        B        C        D        E       F      G
               +--------+--------+--------+--------+--------+-----+--------+
         Total |   3895 |   3888 |      7 |      0 |      0 |   5 |  779.0 |
       Dungeon |   3895 |   3888 |      7 |      0 |      0 |   5 |  779.0 |
               +--------+--------+--------+--------+--------+-----+--------+

Top non-repeatable levels by time:
     D:3: 1405 daAuts
     D:4: 1010 daAuts
     D:2: 906 daAuts
     D:1: 541 daAuts
     D:5: 31 daAuts
